Map: 世界主宰-天梯版

Players

钱赞企露诺 - Winner!

  • Race: Zerg Zerg
  • League: Diamond

verge

  • Race: Terran Terran
  • League: Platinum

VOD

Have the link to the VOD?

Description

Time

  • Played on: Sept. 3, 2021, 5:36 a.m.
  • Length: 5:42
Show
View Real Time Build Order
Export as new Build Order

钱赞企露诺 Zerg - Winner!

Build Orders: Pool First 

Get SALT Encoding   

  12  0:02  Drone  
  13  0:10  Drone  
  14  0:16  Overlord  
  14  0:35  Drone x3, Extractor  
  16  0:47  Drone  
  17  0:57  Spawning Pool  
  17  0:58  Drone  
  17  1:08  Drone  
  18  1:20  Hatchery  
  18  1:22  Drone  
  18  1:43  Drone  
  18  1:44  Queen  
  21  1:49  Roach Warren  
  20  1:54  Drone  
  20  1:59  Metabolic Boost  
  21  2:10  Drone  
  21  2:12  Overlord  
  22  2:28  Extractor  
  21  2:30  Queen  
  21  2:34  Roach x2  
  27  2:40  Queen  
  29  2:54  Zergling x8  
  33  3:01  Roach  
  33  3:05  Overlord  
  35  3:24  Overlord x2  
  35  3:26  Zergling x4  
  37  3:34  Ravager x2  
  38  3:50  Drone x7  
  41  4:24  Queen  
  37  4:25  Zergling x2  
  37  4:26  Roach x6  
  49  4:44  Queen  
  51  4:52  Zergling x12  
  55  4:58  Zergling x2  
  57  5:00  Zergling x8  
  60  5:26  Ravager  
Show
View Real Time Build Order
Export as new Build Order

verge Terran 

Build Orders: Gas First Reaper Expand 

Get SALT Encoding   

  12  0:00  SCV  
  13  0:12  SCV  
  14  0:17  Supply Depot  
  14  0:24  SCV  
  15  0:29  Refinery  
  15  0:42  Barracks  
  15  0:46  SCV  
  16  0:58  SCV  
  17  1:10  SCV  
  18  1:30  Reaper  
  18  1:31  Orbital Command  
  19  1:47  Command Center  
  19  1:58  SCV  
  20  2:04  Factory  
  20  2:11  Marine  
  21  2:18  Supply Depot  
  21  2:21  SCV  
  22  2:34  SCV  
  23  2:37  Barracks Reactor  
  23  2:54  Starport  
  23  2:57  SCV  
  24  2:59  Refinery  
  24  3:02  Barracks, Orbital Command  
  24  3:14  SCV  
  25  3:24  Hellion x2, Barracks Tech Lab  
  25  3:26  SCV  
  29  3:38  SCV  
  29  3:47  Hellion x2  
  27  4:21  Hellion  
  29  4:29  Supply Depot  
  29  4:30  Hellion  
  28  4:40  Marine  
  28  4:42  Marine  
  29  4:45  SCV x2  
  30  4:57  SCV  
  30  4:59  SCV  
  32  5:00  Barracks Tech Lab  
  32  5:07  Hellion x2  
  32  5:09  Supply Depot  
  32  5:10  SCV  
  32  5:11  Supply Depot, SCV  
  32  5:13  Barracks Reactor  
Tags
 
Add a new tag
Caveats
  • Supply blocks, unpowered buildings, or Contaminate may cause inaccurate times.
  • Supply counts are checked every 10 seconds.